Map: Dusk Towers

Players

Protosser - Winner!

  • Race: Zerg Zerg
  • League: Grandmaster

VitamiN

  • Race: Zerg Zerg
  • League: Diamond

Event: DreamHack ZOWIE Open Leipzig

VOD

Have the link to the VOD?

Description

Time

  • Played on: Jan. 22, 2016, 8:02 a.m.
  • Length: 7:14

All games in this series

Show
View Real Time Build Order
Export as new Build Order

Protosser Zerg - Winner!

Build Orders: Hatch First, Zergling Baneling 

Get SALT Encoding   

  12  0:00  Drone  
  13  0:12  Overlord  
  13  0:17  Drone  
  14  0:31  Drone x2  
  14  0:35  Drone  
  17  0:52  Hatchery  
  17  0:54  Drone  
  17  0:57  Drone  
  17  0:59  Extractor  
  17  1:12  Spawning Pool  
  17  1:15  Drone  
  17  1:18  Drone  
  18  1:29  Drone  
  19  1:39  Overlord  
  19  1:59  Drone  
  19  2:00  Zergling x2, Queen  
  23  2:06  Zergling x2  
  26  2:11  Baneling Nest  
  26  2:13  Spine Crawler  
  24  2:16  Zergling x2  
  24  2:19  Zergling x2  
  24  2:22  Metabolic Boost  
  24  2:23  Zergling x2  
  24  2:25  Zergling x2  
  26  2:33  Zergling x2  
  27  2:38  Queen  
  29  2:53  Overlord  
  29  2:55  Baneling x2  
  29  2:58  Baneling x2  
  27  3:05  Zergling x2  
  27  3:06  Zergling x4  
  30  3:14  Zergling x4  
  31  3:38  Zergling x12  
  33  3:47  Drone x3  
  36  3:52  Drone  
  37  3:58  Drone  
  38  4:03  Drone  
  38  4:09  Drone x3  
  42  4:10  Drone  
  42  4:15  Baneling x3  
  42  4:16  Baneling  
  42  4:25  Drone  
  42  4:26  Overlord  
  40  4:39  Overlord  
  38  4:50  Zergling x12  
  40  4:53  Zergling x2  
  40  4:56  Zergling x8  
  45  5:07  Drone  
  45  5:08  Baneling x3  
  45  5:12  Hatchery  
  45  5:23  Drone x3  
  45  5:24  Drone x2  
  45  5:25  Drone x2  
  45  5:28  Extractor  
  51  5:49  Baneling x2  
  51  5:55  Zergling x2  
  51  5:56  Zergling x10  
  55  6:12  Drone x2  
  55  6:13  Drone x3  
  55  6:16  Overlord  
  55  6:17  Lair  
  60  6:20  Evolution Chamber  
  60  6:21  Roach Warren  
  60  6:25  Overlord  
  58  6:29  Drone x2  
  58  6:31  Queen  
  62  6:35  Drone x3  
  62  6:37  Extractor  
  60  6:49  Drone x2  
  60  6:50  Drone x4  
  60  6:54  Drone x2  
  66  7:01  Extractor  
  66  7:03  Extractor  
Show
View Real Time Build Order
Export as new Build Order

VitamiN Zerg 

Build Orders: Pool First, Zergling Baneling 

Get SALT Encoding   

  12  0:01  Drone  
  13  0:08  Drone  
  14  0:14  Extractor  
  14  0:15  Drone  
  14  0:32  Spawning Pool  
  13  0:36  Drone  
  14  0:44  Drone, Extractor  
  15  0:52  Overlord  
  15  1:19  Zergling x2  
  15  1:20  Zergling x4  
  15  1:22  Metabolic Boost  
  18  1:27  Queen  
  18  1:32  Zergling x2  
  21  1:43  Overlord  
  21  1:47  Baneling Nest  
  20  2:00  Zergling x2  
  21  2:07  Zergling x2  
  22  2:16  Zergling x2  
  23  2:25  Overlord  
  23  2:32  Baneling x2  
  23  2:33  Baneling  
  23  2:36  Zergling x6  
  26  2:48  Overlord  
  27  2:58  Zergling x2  
  25  3:13  Baneling x2  
  25  3:15  Drone  
  25  3:19  Hatchery  
  20  3:41  Zergling x12  
  25  3:44  Baneling  
  25  3:47  Baneling  
  25  3:58  Queen  
  27  4:03  Baneling x2  
  27  4:16  Baneling  
  27  4:17  Zergling x4  
  29  4:25  Zergling x4  
  29  4:26  Zergling x2  
  31  4:32  Baneling  
  24  4:55  Baneling  
  24  4:56  Baneling  
  24  4:58  Drone  
  24  4:59  Queen  
  27  5:15  Drone x4  
  27  5:18  Drone  
  32  5:27  Zergling x4  
  34  5:33  Drone  
  35  5:49  Drone x4  
  38  5:57  Drone x2  
  39  6:15  Zergling x10  
  44  6:23  Baneling  
  44  6:24  Baneling x6  
  44  6:32  Zergling x6  
  37  6:49  Zergling x2  
  37  6:50  Zergling x14  

Tags
 
Add a new tag
Caveats
  • Supply blocks, unpowered buildings, or Contaminate may cause inaccurate times.
  • Supply counts are checked every 10 seconds.